 Dungeon Crawl Stone Soup version 0.31-a0-844-gdc52ec4e09 (webtiles) character file.

Game seed: 17065759980476388590

74 pop123321pop the Cudgeller (level 4, -1/28 HPs)
             Began as an Octopode Wanderer on Sept 30, 2023.
             Slain by Sigmund
             ... wielding a +0 scythe
              (12 damage)
             ... on level 2 of the Dungeon.
             The game lasted 00:04:01 (1475 turns).

pop123321pop the Cudgeller (Octopode Wanderer)      Turns: 1475, Time: 00:04:02

Health: -1/28      AC:  1    Str: 12    XL:     4   Next: 28%
Magic:  5/5        EV: 11    Int: 13    God:
Gold:   46         SH:  7    Dex: 13    Spells: 5/5 levels left

rFire   . . .        d - +0 mace
rCold   . . .        l - +0 kite shield
rNeg    . . .        (helmet restricted)
rPois   .            (no amulet)
rElec   .            (no ring)
rCorr   .            (no ring)
SInv    .            (no ring)
Will    .....        (no ring)
Stlth   +++          (no ring)
HPRegen 0.24/turn    (no ring)
MPRegen 0.09/turn    (no ring)
                     (no ring)

%: no passive effects
@: lethally poisoned (-1 -> -7)
A: almost no armour, amphibious, 8 rings, camouflage 1, gelatinous body 1,
(nimble swimmer 1), tentacles
a: no special abilities


You were on level 2 of the Dungeon.
You visited 1 branch of the dungeon, and saw 2 of its levels.

You collected 46 gold pieces.

Inventory:

Hand Weapons
 d - a +0 mace (weapon)
Missiles
 b - an atropa-tipped dart
 c - 2 datura-tipped darts (quivered)
 i - 2 poisoned darts
 p - 2 curare-tipped darts
Armour
 l - a +0 kite shield (worn)
Jewellery
 m - a +6 ring of intelligence
Scrolls
 e - 3 scrolls of teleportation
 g - 3 scrolls of identify {unknown}
 j - 2 scrolls of vulnerability {unknown}
 n - a scroll of amnesia {unknown}
Potions
 a - 2 potions of brilliance {unknown}
 f - a potion of might
 h - a potion of attraction {unknown}
 k - a potion of curing {unknown}
 o - a potion of invisibility {unknown}


   Skills:
 - Level 1.0 Fighting
 + Level 4.4 Maces & Flails
 - Level 1.0 Throwing
 - Level 2.0 Dodging
 - Level 4.0 Stealth
 - Level 1.0 Spellcasting


You had 5 spell levels left.
You didn't know any spells.
Your spell library was empty.

Dungeon Overview and Level Annotations

Branches:
Dungeon (2/15)

Altars:

Annotations:
D:2 Sigmund


Innate Abilities, Weirdness & Mutations

You cannot wear most types of armour.
You are amphibious.
You can wear up to eight rings at the same time.
Your skin changes colour to match your surroundings (Stealth+).
Your rubbery body absorbs attacks. (AC +1, EV +1)
((You are camouflaged when in or above water. (Stealth+)))
You have tentacles for arms and can constrict up to eight enemies at once.


Message History

Unknown command.
An adder and a quokka come into view.
Found 12 gold pieces.
Unknown command.
The helpless ball python fails to defend itself.
You sock the ball python!
You kill the ball python!
The hobgoblin shouts!
The adder hisses angrily.
You hear a shout!
Sigmund the Dreaded comes into view.
He is wielding a +0 scythe and wearing a +1 robe of willpower.
Unknown command.
You miss the adder. You grab the adder.
You tentacle-slap the adder, but do no damage.
You squeeze the adder, but do no damage.
You constrict the adder, but do no damage.
You block the adder's attack. The adder misses you.
Unknown command.
You hit the adder but do no damage. You constrict the adder.
The adder misses you. The quokka barely misses you. The adder bites you.
You are poisoned.
The adder poisons you!
Unknown command.
You hit the adder.
The adder is heavily wounded.
You constrict the adder.
You feel sick. The quokka bites you. The adder closely misses you.
The quokka barely misses you. The adder bites you.
You are more poisoned.
The adder poisons you!
You barely miss the adder. Your squeeze misses the adder.
The adder is severely wounded.
You constrict the adder.
You kill the adder!
You feel very sick. The quokka bites you. The hobgoblin closely misses you.
Sigmund mumbles some strange words.
Sigmund flickers and vanishes!
Deactivating autopickup; reactivate with Ctrl-A.
You block the quokka's attack. The hobgoblin barely misses you.
Something hits you!
You die...

.# .# #.........
.# #......... .#
#......... .#
########
#......... .##
#......#
#.......$. ..#
#......#
#..{......
#.####......#
#gr†......
..##........# #@#
#...........# ##.#
#...........# #..#
..#############.##
.#############..#
...........##..##
...........##.##
#..........#..#
...........#.##
###


You could see a quokka and a hobgoblin.

Vanquished Creatures
  3 adders (D:2)
  A worm (D:2)
  A dart slug (D:1)
  7 ball pythons
  6 bats
  2 endoplasms (D:2)
  4 giant cockroaches
  5 goblins
  5 hobgoblins
  7 kobolds (D:1)
  2 quokkas (D:1)
  A frilled lizard (D:1)
  3 rats
47 creatures vanquished.

Notes
Turn   | Place    | Note
-------+----------+-------------------------------------------
     0 | D:1      | pop123321pop the Octopode Wanderer began the quest for the
                  | Orb.
     0 | D:1      | pop123321pop set off with the following items: a +0 dagger,
                  | an atropa-tipped dart, 2 datura-tipped darts, a +0 mace, a
                  | scroll of teleportation, a potion of might.
     0 | D:1      | Reached XP level 1. HP: 13/13 MP: 2/2
    81 | D:1      | Reached XP level 2. HP: 12/18 MP: 3/3
   320 | D:1      | Reached XP level 3. HP: 18/23 MP: 4/4
  1111 | D:2      | Reached XP level 4. HP: 9/28 MP: 5/5
  1471 | D:2      | Noticed Sigmund
  1475 | D:2      | Slain by Sigmund

Illustrated notes

Levels and vault maps discovered:
D:1:      saegor_arrival_simple_e, layout_loops_ring,
          dreamdust_mushroom_princess, minmay_tree_intersection
D:2:      layout_rooms, serial_bayou_pond_c, small_statue_intersection,
          minmay_tetromino_l2, uniq_sigmund

Skill      XL: |  1  2  3 |
---------------+----------+-----
Maces & Flails | 3 4 |  4.4
Fighting       | |  1.0
Throwing       | |  1.0
Dodging        | |  2.0
Stealth        | |  4.0
Spellcasting   | |  1.0

Action                     |  1- 3 |  4- 6 || total
---------------------------+-------+-------++-------
  Melee: Mace              |    73 |    19 ||    92
         Tentacles         |    12 |     6 ||    18
         Constrict         |    17 |     5 ||    22
         Punch             |       |     2 ||     2
   Stab: Sleeping          |     9 |     5 ||    14
 Armour: Skin              |    36 |     7 ||    43
  Dodge: Dodged            |    45 |     9 ||    54
  Block: Kite shield       |    14 |     8 ||    22

Table legend: (Time is in decaauts)
 A = Elapsed time spent in this place.
 B = Non-inter-level travel time spent in this place.
 C = Inter-level travel time spent in this place.
 D = Time resting spent in this place.
 E = Time spent auto-exploring this place.
 F = Levels seen in this place.
 G = Mean time per level.
                   A        B        C        D        E       F      G
               +--------+--------+--------+--------+--------+-----+--------+
         Total |   1505 |   1416 |     89 |    126 |    948 |   2 |  752.5 |
       Dungeon |   1505 |   1416 |     89 |    126 |    948 |   2 |  752.5 |
               +--------+--------+--------+--------+--------+-----+--------+

Top non-repeatable levels by time:
     D:1: 870 daAuts
     D:2: 634 daAuts
